 Dungeon Crawl Stone Soup version 0.24-a0-580-g6a6c3f83c1 (webtiles) character file.

Game seed: 3022328583712309952

607 Peloso the Slasher (level 7, -5/61 HPs)
             Began as a Minotaur Fighter on Aug 22, 2019.
             Slain by Menkaure (6 damage)
             ... on level 4 of the Dungeon.
             The game lasted 00:05:12 (3736 turns).

Peloso the Slasher (Minotaur Fighter)               Turns: 3736, Time: 00:05:12

Health: -5/61      AC:  9    Str: 21    XL:     7   Next: 19%
Magic:  6/6        EV:  6    Int:  5    God:
Gold:   245        SH: 10    Dex: 11    Spells: 6/6 levels left

rFire    . . .     SeeInvis .   a - +0 long sword
rCold    . . .     Gourm    .   c - +0 shield
rNeg     . . .     Faith    .   b - +0 chain mail
rPois    .         Spirit   .   (helmet restricted)
rElec    .         Reflect  .   (no cloak)
rCorr    .         Harm     .   (no gloves)
MR       .....                  (no boots)
Stlth    ..........             (no amulet)
HPRegen  0.20/turn              (no ring)
MPRegen  0.10/turn              (no ring)

@: no status effects
A: retaliatory headbutt, horns 2
a: no special abilities


You were on level 4 of the Dungeon.
You were not hungry.

You visited 1 branch of the dungeon, and saw 4 of its levels.

You collected 245 gold pieces.

Inventory:

Hand Weapons
 a - a +0 long sword (weapon)
Armour
 b - a +0 chain mail (worn)
 c - a +0 shield (worn)
Wands
 v - a wand of flame (22)
Scrolls
 g - 2 scrolls of fog {unknown}
 i - 6 scrolls of identify {unknown}
 k - a scroll of teleportation {unknown}
 q - a scroll of enchant weapon {unknown}
 r - 2 scrolls of enchant armour {unknown}
 s - a scroll of magic mapping {unknown}
 t - a scroll of remove curse {unknown}
Potions
 d - 2 potions of might
 e - 4 potions of lignification {unknown}
 h - 2 potions of cancellation {unknown}
 j - a potion of ambrosia {unknown}
 l - 2 potions of heal wounds {unknown}
 m - a potion of invisibility {unknown}
 n - 2 potions of curing
 o - a potion of resistance {unknown}
 p - a potion of agility {unknown}
 u - a potion of degeneration {unknown}
Comestibles
 f - 6 rations


   Skills:
 + Level 5.0 Fighting
 + Level 6.4 Long Blades
 + Level 5.2 Armour
 + Level 2.0 Dodging
 + Level 0.7 Stealth
 + Level 5.3 Shields


You had 6 spell levels left.
You didn't know any spells.
Your spell library was empty.

Dungeon Overview and Level Annotations

Branches:
Dungeon (4/15)
 Temple: D:4-7

Altars:
Fedhas
Hepliaklqana
Nemelex Xobeh

Annotations:
D:4 Menkaure


Innate Abilities, Weirdness & Mutations

You reflexively headbutt those who attack you in melee.
You have a pair of horns on your head.


Message History

Menkaure is heavily damaged.
Menkaure calls on the powers of darkness!
Your body is wracked with pain!
You hit Menkaure but do no damage.
Menkaure is heavily damaged.
Menkaure calls on the powers of darkness!
Your body is wracked with pain!
* * * LOW HITPOINT WARNING * * *
You barely miss Menkaure.
Menkaure is heavily damaged.
You block Menkaure's attack.
You slash Menkaure!
Menkaure is almost destroyed.
An adder comes into view.
Menkaure hits you!
* * * LOW HITPOINT WARNING * * *
You hit Menkaure but do no damage.
Menkaure is almost destroyed.
Menkaure hits you.
You die...

####.#.≈≈≈....#
#...≈?≈....#
###..≈≈≈....# ...
####...........# ...
###....#.###.....## .M..
..............#.#.......
###...........#.#.#.....
#...###.....#.#.......
#... ##....#@#.......
#.. #......MS.(.... #..
#...########### ##
##.........#
#..######.###
##>.........#
########.#.# #...#.#
#.###.#


You could see Menkaure and an adder.

Vanquished Creatures
  Grinder (D:4)
  Blork the orc (D:4)
  A scorpion (D:4)
  A crimson imp (D:4)
  An orc wizard (D:3)
  An orc priest (D:3)
  Natasha (D:2)
  A worker ant (D:2)
  A hound skeleton (D:2)
  4 adders
  2 worms (D:2)
  A dart slug (D:2)
  4 leopard geckos
  12 orcs
  2 giant cockroaches (D:1)
  5 goblins
  13 hobgoblins
  2 jackals (D:1)
  2 quokkas
  11 bats
  3 frilled lizards (D:2)
  8 kobolds
  9 rats
87 creatures vanquished.

Notes
Turn   | Place    | Note
-------+----------+-------------------------------------------
     0 | D:1      | Peloso the Minotaur Fighter began the quest for the Orb.
     0 | D:1      | Reached XP level 1. HP: 19/19 MP: 0/0
   168 | D:1      | Reached XP level 2. HP: 23/27 MP: 1/1
  1063 | D:2      | Reached XP level 3. HP: 29/33 MP: 2/2
  1133 | D:2      | Found a sparkling altar of Nemelex Xobeh.
  1144 | D:2      | Reached skill level 3 in Long Blades
  1144 | D:2      | Reached skill level 1 in Dodging
  1144 | D:2      | Reached XP level 4. HP: 25/40 MP: 3/3
  1248 | D:2      | Found a blossoming altar of Fedhas.
  1674 | D:2      | Noticed Natasha
  1678 | D:2      | Killed Natasha
  1902 | D:3      | Reached XP level 5. HP: 40/46 MP: 4/4
  2315 | D:3      | Found a hazy altar of Hepliaklqana.
  2500 | D:3      | Reached skill level 5 in Shields
  2507 | D:3      | Reached skill level 4 in Long Blades
  2807 | D:4      | Noticed Grinder
  2809 | D:4      | Paralysed by Grinder for 2 turns
  2837 | D:4      | Paralysed by Grinder for 7 turns
  2844 | D:4      | Killed Grinder
  2844 | D:4      | Reached skill level 5 in Long Blades
  2844 | D:4      | Reached skill level 5 in Armour
  2844 | D:4      | Reached XP level 6. HP: 16/53 MP: 5/5
  3249 | D:4      | Noticed Blork the orc
  3268 | D:4      | Killed Blork the orc
  3268 | D:4      | Reached skill level 6 in Long Blades
  3601 | D:4      | Reached XP level 7. HP: 60/60 MP: 6/6
  3636 | D:4      | Reached skill level 5 in Fighting
  3721 | D:4      | Noticed Menkaure
  3735 | D:4      | HP: 1/61 [Menkaure (17)]
  3736 | D:4      | Slain by Menkaure

Levels and vault maps discovered:
D:1:      eino_arrival_water_star, layout_basic
D:2:      layout_basic, overflow_temple_1_default, first_ration,
          nemelex_xobeh_ov_fountains_minmay, uniq_natasha
D:3:      layout_basic, old_standard_altar
D:4:      layout_basic, chequers_serial_rivers_micro_d,
          corexii_item_surrounded_by_moat, uniq_grinder, uniq_blork_the_orc,
          uniq_menkaure

Skill      XL: |  1  2  3  4  5  6  7 |
---------------+----------------------+-----
Shields        | 4 5 |  5.3
Fighting       | 4 5 |  5.0
Armour         | 4 5 |  5.2
Long Blades    | 3 5 6 |  6.4
Dodging        | 1 2 |  2.0
Stealth        | |  0.7

Action                   |  1- 3 |  4- 6 |  7- 9 || total
-------------------------+-------+-------+-------++-------
Melee: Long sword        |    75 |   160 |    16 ||   251
       Headbutt          |    12 |    26 |     3 ||    41
  Eat: Chunk             |       |     9 |       ||     9
Armor: Scale mail        |    43 |     8 |       ||    51
       Chain mail        |       |    43 |     2 ||    45
Dodge: Dodged            |    29 |    37 |     4 ||    70
Block: Shield            |    54 |    82 |    10 ||   146
       Rpst.: Long sword |    11 |    11 |     1 ||    23

Table legend:
 A = Non-vault XP
 B = Vault XP
 C = Vault XP percentage of total XP
 D = Non-vault monster count
 E = Vault monster count
 F = Vault count percentage of total count
                 A         B        C        D         E       F
            +---------+---------+-------+---------+---------+-------
      Total |     461 |     407 |  46.9 |      84 |       3 |   3.4
            +---------+---------+-------+---------+---------+-------
        D:1 |      34 |       0 |   0.0 |      21 |       0 |   0.0
        D:2 |     113 |      35 |  23.6 |      26 |       1 |   3.7
        D:3 |     173 |       0 |   0.0 |      32 |       0 |   0.0
        D:4 |     141 |     372 |  72.5 |       5 |       2 |  28.6
            +---------+---------+-------+---------+---------+-------
